 Dungeon Crawl Stone Soup version 0.17-a0-2220-g6fea741 (webtiles) character file.

1080 schwarznadel the Ruffian (level 8, -7/69 HPs)
             Began as a Pale Draconian Monk on Oct 28, 2015.
             Was a Follower of Ru.
             Mangled by a wight
             ... wielding a cursed +1 battleaxe
              (9 damage)
             ... on level 6 of the Dungeon.
             The game lasted 00:10:07 (5218 turns).

schwarznadel the Ruffian (Pale Draconian Monk)      Turns: 5218, Time: 00:10:07

Health: -7/69      AC:  7    Str: 15    XL:     8   Next: 8%
Magic:  8/8        EV: 17    Int: 11    God:    Ru [*.....]
Gold:   216        SH:  0    Dex: 14    Spells: 0 memorised, 7 levels left

rFire  . . .     SeeInvis .       - Unarmed
rCold  . . .     Clarity  .     (armour unavailable)
rNeg   . . .     SustAt   .     (no shield)
rPois  .         Gourm    .     (helmet restricted)
rElec  .         Spirit   .     (no cloak)
rCorr  .         Warding  .     (no gloves)
rMut   .         Stasis   .     k - +0 pair of boots
MR     .....                    (no amulet)
Stlth  ++........               (no ring)
                                j - +2 ring of evasion

@: lethally poisoned (-7 -> -8), not resistant to hostile enchantments,
unstealthy
A: breathe steam, unfitting armour, cold-blooded, hated by all, AC +6
a: Breathe Steam, Renounce Religion


You were on level 6 of the Dungeon.
You worshipped Ru.
Ru was aware of your devotion.
You were not hungry.

You visited 2 branches of the dungeon, and saw 7 of its levels.

You collected 216 gold pieces.

Inventory:

Armour
 k - a +0 pair of boots (worn)
 n - a +0 pair of boots of flying
Jewellery
 j - a +2 ring of evasion (left hand)
Wands
 x - a wand of lightning (8)
Scrolls
 c - 6 scrolls of amnesia {unknown}
 e - a scroll of teleportation {unknown}
 g - 7 scrolls of identify {unknown}
 h - 2 scrolls of enchant weapon {unknown}
 l - a scroll of recharging {unknown}
 r - 3 scrolls of enchant armour {unknown}
 u - 2 scrolls of noise {unknown}
Potions
 f - a potion of magic
 m - 2 potions of curing {unknown}
 p - a potion of lignification {unknown}
 s - a potion of ambrosia {unknown}
 t - 2 potions of haste {unknown}
 v - a potion of agility {unknown}
 w - a potion of cancellation {unknown}
Comestibles
 a - a bread ration
 b - 4 fruits
 d - a meat ration
 i - a beef jerky
 o - a slice of pizza
 q - 2 royal jellies


   Skills:
 + Level 5.5 Fighting
 + Level 6.0 Dodging
 - Level 3.0 Stealth
 * Level 6.9 Unarmed Combat


You had 7 spell levels left.
You didn't know any spells.

Dungeon Overview and Level Annotations

Branches:
Dungeon (6/15)             Temple (1/1) D:4

Altars:
Ashenzari
Cheibriados
Dithmenos
Elyvilon
Makhleb
Nemelex Xobeh
Okawaru
Qazlal
Ru
Trog
Vehumet
Xom
The Shining One

Annotations:
D:6 Eustachio


Innate Abilities, Weirdness & Mutations

You can breathe blasts of scalding, opaque steam.
Your pale cyan-grey scales are hard (AC +6).
Your body does not fit into most forms of armour.
You are cold-blooded and may be slowed by cold attacks.
You are hated by all.


Message History

The shadow imp disappears in a puff of smoke!
The wight barely misses you.
You hit the wight.
Your tail-slap misses the wight.
The wight is almost destroyed.
You feel sick.
The white imp disappears in a puff of smoke!
You hit the wight but do no damage. You punch the wight.
The wight is almost destroyed.
The wight hits you with a dagger.
* * * LOW HITPOINT WARNING * * *
The river rat closely misses you.
You hit the wight.
You destroy the wight!
Eustachio mumbles some strange words.
The river rat closely misses you.
Unknown command.
You hit the wight.
The wight is moderately damaged.
The wight hits you with an enchanted battleaxe!
You die...

.###...<........
...............
...#.........#.
##.#.#....####
#........@####.#
................#
##.#...#)#.####.#####
#.#...#...r###......
#?..#..r@r@z......
#.<.##..5###(####.
#... ##.## # #. #.#
#.# .#. #


You could see Eustachio, a wight, a river rat, a shadow imp and 2 rats.

Vanquished Creatures
  The ghost of Uberwunderbarhen the Changer, an amateur OpTm (D:4)
  5 ogres
  2 scorpions
  A wight (D:6)
  2 hounds
  A jelly (D:5)
  4 worker ants (D:4)
  An iguana (D:5)
  A hound zombie (D:5)
  7 adders
  2 oozes
  An adder skeleton (D:4)
  A worm (D:2)
  3 giant geckos (D:1)
  6 orcs
  4 giant cockroaches
  8 goblins
  12 hobgoblins
  6 jackals
  3 quokkas
  2 ball pythons (D:3)
  10 bats
  A giant gecko skeleton (D:5)
  4 giant newts
  4 kobolds
  A quokka skeleton (D:4)
  A quokka zombie (D:5)
  17 rats
111 creatures vanquished.

Notes
Turn   | Place    | Note
--------------------------------------------------------------
     0 | D:1      | schwarznadel the Draconian Monk began the quest for the Orb.
     0 | D:1      | Reached XP level 1. HP: 19/19 MP: 1/1
   177 | D:1      | Reached XP level 2. HP: 4/26 MP: 2/2
  1229 | D:1      | Reached XP level 3. HP: 33/33 MP: 3/3
  1538 | D:2      | Reached XP level 4. HP: 23/40 MP: 4/4
  2722 | D:3      | Reached XP level 5. HP: 39/46 MP: 5/5
  3209 | D:4      | Noticed Uberwunderbarhen's ghost (amateur OpTm)
  3218 | D:4      | Killed Uberwunderbarhen's ghost
  3218 | D:4      | Reached skill level 5 in Unarmed Combat
  3218 | D:4      | Reached XP level 6. HP: 34/53 MP: 6/6
  3302 | D:4      | Found a staircase to the Ecumenical Temple.
  3302 | D:4      | Noticed an ogre
  3312 | D:4      | Killed an ogre
  3312 | D:4      | Reached skill level 5 in Dodging
  3365 | D:4      | Noticed an ogre
  3384 | D:4      | Killed an ogre
  3384 | D:4      | Your scales start taking on a pale cyan-grey colour.
  3384 | D:4      | Reached XP level 7. HP: 5/60 MP: 7/7
  3573 | D:4      | Reached skill level 5 in Fighting
  3634 | Temple   | Entered the Ecumenical Temple
  3680 | Temple   | Became a worshipper of Ru the Awakened
  3687 | Temple   | Gained mutation: You are hated by all. [Ru sacrifice]
  3687 | Temple   | Reached * piety under Ru
  3800 | D:4      | HP: 3/61 [poisoned by a worker ant]
  4313 | D:4      | Reached skill level 6 in Unarmed Combat
  4607 | D:5      | Entered Level 5 of the Dungeon
  4639 | D:5      | Found a glowing golden altar of the Shining One.
  5077 | D:5      | Reached XP level 8. HP: 69/69 MP: 8/8
  5169 | D:6      | Noticed Eustachio
  5216 | D:6      | HP: 2/69 [wight/dagger (4)]
  5218 | D:6      | Mangled by a wight

Vault maps used:
D:1:      onia_arrival_mini_maze_b
D:2:      roderic_hopi_sauvastika, minmay_misc_feat_encased
D:4:      temple_fountains, hangedman_feature_mirror, kennysheep_another_room
D:5:      kennysheep_big_flooded_room, tso_metal_star, first_bread
D:6:      serial_shops, shop, uniq_eustachio
Temple:   kilobyte_greek_temple_18

Action                   |  1- 3 |  4- 6 |  7- 9 || total
-------------------------+-------+-------+-------++-------
Melee: Unarmed           |   164 |   177 |   187 ||   528
Invok: Sacrifice Love    |       |       |     1 ||     1
 Abil: Breathe Steam     |       |       |     2 ||     2
  Use: Potion            |       |     3 |       ||     3
 Stab: Sleeping          |     1 |     5 |     2 ||     8
       Distracted        |       |       |     2 ||     2
  Eat: Bread ration      |     1 |     1 |     2 ||     4
